 Dungeon Crawl Stone Soup version 0.28-a0-1412-gf95308ed99 (webtiles) character file.

Game seed: 18132520203418590140

191 Deminshera the Bolt Thrower (level 5, -1/45 HPs)
             Began as a Naga Hunter on Jan 7, 2022.
             Slain by a gnoll shaman (7 damage)
             ... on level 3 of the Dungeon.
             The game lasted 00:03:28 (3392 turns).

Deminshera the Bolt Thrower (Naga Hunter)           Turns: 3392, Time: 00:03:29

Health: -1/45      AC:  7    Str: 16    XL:     5   Next: 70%
Magic:  5/5        EV:  8    Int: 11    God:
Gold:   63         SH:  0    Dex: 12    Spells: 4/4 levels left

rFire   . . .      SeeInvis +   a - +1 hand crossbow
rCold   . . .      Faith    .   (no shield)
rNeg    . . .      Spirit   .   j - +0 ring mail
rPois   +          Reflect  .   g - +2 helmet
rElec   .          Harm     .   (no cloak)
rCorr   .          Rampage  .   (no gloves)
Will    .....                   (no barding)
Stlth   ++........              (no amulet)
HPRegen 0.15/turn               (no ring)
MPRegen 0.09/turn               (no ring)

@: very slow
A: AC +1, large, see invisible, deformed body, poison resistance, slowness 2,
spit poison 1, naga tail 1
a: Spit Poison


You were on level 3 of the Dungeon.
You visited 1 branch of the dungeon, and saw 4 of its levels.

You collected 63 gold pieces.

Inventory:

Hand Weapons
 a - a +1 hand crossbow (weapon)
 l - the +2 whip of Income {freeze, rN+ Str+4 Stlth+}
   (You found it on level 2 of the Dungeon)

   It freezes those it strikes, dealing additional cold damage.
   It can also slow down cold-blooded creatures.
   Str:       It affects your strength (+4).
   rN:        It protects you from negative energy.
   Stlth:     It makes you more stealthy.
Missiles
 d - 58 bolts (quivered ammo)
Armour
 c - a +0 leather armour
 g - a +2 helmet (worn)
 j - a +0 ring mail (worn)
Jewellery
 e - a +4 ring of slaying
Scrolls
 i - 2 scrolls of identify
 k - 3 scrolls of teleportation {unknown}
Potions
 b - a potion of brilliance
 f - 2 potions of might
 h - 2 potions of curing
 m - 2 potions of attraction


   Skills:
 - Level 2.0 Fighting
 + Level 5.4 Crossbows
 - Level 1.5 Dodging
 - Level 5.0 Stealth


You had 4 spell levels left.
You didn't know any spells.
Your spell library contained the following spells:

 Spells                   Type           Power      Damage    Failure   Level
 Summon Small Mammal      Summ           0%         N/A       56%         1
 Call Canine Familiar     Summ           0%         N/A       90%         3
 Summon Guardian Golem    Hex/Summ       0%         N/A       90%         3


Dungeon Overview and Level Annotations

Branches:
Dungeon (4/15)
 Temple: D:4-7

Altars:
Fedhas
Kikubaaqudgha


Innate Abilities, Weirdness & Mutations

Your serpentine skin is tough. (AC +1)
You have supernaturally acute eyesight. (SInv)
Armour fits poorly on your strangely shaped body.
Your system is resistant to poisons. (rPois)
You cover ground very slowly.
You can spit poison.
You have a snake-like lower body.


Message History

The gnoll hits you but does no damage. x2
You shoot a bolt. The bolt hits the gnoll shaman!
The gnoll shaman is heavily wounded.
The gnoll hits you from afar with a +0 spear.
The gnoll shaman hits you with a +0 club.
The gnoll hits you but does no damage.
The gnoll shaman hits you with a +0 club.
You climb upwards.
There is a stone staircase leading down here.
You shoot a bolt.
The bolt hits the gnoll shaman but does no damage.
The gnoll shaman is heavily wounded.
The gnoll hits you with a +0 club.
The gnoll shaman hits you with a +0 club!
The gnoll misses you.
You shoot a bolt.
The bolt barely misses the gnoll shaman.
The gnoll shaman barely misses you. The gnoll hits you but does no damage.
You shoot a bolt.
The bolt closely misses the gnoll shaman.
The gnoll shaman barely misses you. The gnoll hits you with a +0 club.
You are too injured to fight recklessly!
Fire: 60 bolts
Press: ? - help, Q - select action, (/) - cycle Shift-Dir - straight line, f/p - gnoll shaman
Aim: a gnoll shaman, wielding a +0 club and wearing a +0 robe (heavily wounded, 69% to hit)
You shoot a bolt. The bolt hits the gnoll shaman!
The gnoll shaman is almost dead.
The gnoll shaman barely misses you. The gnoll hits you with a +0 club.
The gnoll shaman hits you with a +0 club.
* * * LOW HITPOINT WARNING * * *
Fire: 59 bolts
Press: ? - help, Q - select action, (/) - cycle Shift-Dir - straight line, f/p - gnoll shaman
Aim: a gnoll shaman, wielding a +0 club and wearing a +0 robe (almost dead, 69% to hit)
You shoot a bolt.
The bolt hits the gnoll shaman but does no damage.
The gnoll shaman is almost dead.
The gnoll hits you with a +0 club.
* * * LOW HITPOINT WARNING * * *
The gnoll shaman hits you with a +0 club!
You die...

##.#####.#.######...##
### #.#.## ###.#
#....#######.#
#........(##.#
#....####.##.#
###.#### #....# #...#
#....# #.### #g..##
#.# #@g## #.#
#..###### #.#
#.......# #(#
##.####.# #.# #.# #.#
#####.# #.# #.##
#.....# #.# #..##
#.##### #.# ##.#.##
#### #.# #.###.#


You could see a gnoll shaman and a gnoll.

Vanquished Creatures
  A jelly (D:3)
  An iguana (D:2)
  5 gnolls
  5 adders
  A worm (D:3)
  2 orcs (D:3)
  4 ball pythons
  2 bats (D:2)
  An endoplasm (D:2)
  2 giant cockroaches
  5 goblins
  3 hobgoblins
  4 quokkas
  A frilled lizard (D:3)
  4 kobolds
  A rat (D:3)
42 creatures vanquished.

Vanquished Creatures (others)
  3 plants (D:3)
  A withered plant (D:3)
4 creatures vanquished.

Grand Total: 46 creatures vanquished

Notes
Turn   | Place    | Note
-------+----------+-------------------------------------------
     0 | D:1      | Deminshera the Naga Hunter began the quest for the Orb.
     0 | D:1      | Reached XP level 1. HP: 19/19 MP: 1/1
   339 | D:1      | Reached XP level 2. HP: 26/26 MP: 2/2
   482 | D:1      | Found a faded altar of an unknown god.
   899 | D:2      | Reached XP level 3. HP: 32/32 MP: 3/3
  1286 | D:2      | Reached XP level 4. HP: 36/39 MP: 4/4
  1367 | D:2      | Identified the +2 whip of Income {freeze, rN+ Str+4 Stlth+}
  1928 | D:2      | Reached skill level 5 in Stealth
  2334 | D:2      | Reached XP level 5. HP: 45/45 MP: 5/5
  2551 | D:3      | Reached skill level 5 in Crossbows
  2889 | D:3      | Found an ancient bone altar of Kikubaaqudgha.
  2893 | D:3      | Found a blossoming altar of Fedhas.
  3392 | D:3      | Slain by a gnoll shaman

Illustrated notes

Levels and vault maps discovered:
D:1:      amcnicky_arrival_choice, layout_basic,
          shapermc_ecumenical_altar_mp_ritualfount
D:2:      layout_loops_ring
D:3:      layout_loops_ring, grunt_temple_overflow_growth_and_decay
D:4:      layout_rooms, mainiacjoe_overflow_concentric_impassable,
          nicolae_ashenzari_skybound, grunt_temple_overflow_bloody_war,
          minmay_temple_entry_mist, wad_floor_pattern_untrapped

Skill      XL: |  1  2  3  4  5 |
---------------+----------------+-----
Stealth        | 2 3 4 5 |  5.0
Crossbows      | 4 5 |  5.4
Fighting       | |  2.0
Dodging        | |  1.5

Action                   |  1- 3 |  4- 6 || total
-------------------------+-------+-------++-------
Melee: Short sword       |    17 |       ||    17
       Whip              |       |    29 ||    29
 Fire: Hand crossbow     |    24 |    33 ||    57
 Abil: Spit Poison       |     6 |     6 ||    12
  Use: Scroll            |       |     4 ||     4
 Stab: Sleeping          |       |     5 ||     5
Armor: Leather armour    |     8 |     5 ||    13
       Ring mail         |       |     4 ||     4
Dodge: Dodged            |    16 |    33 ||    49

Table legend: (Time is in decaauts)
 A = Elapsed time spent in this place.
 B = Non-inter-level travel time spent in this place.
 C = Inter-level travel time spent in this place.
 D = Time resting spent in this place.
 E = Time spent auto-exploring this place.
 F = Levels seen in this place.
 G = Mean time per level.
                   A        B        C        D        E       F      G
               +--------+--------+--------+--------+--------+-----+--------+
         Total |   4089 |   3955 |    134 |   1220 |   2350 |   4 | 1022.2 |
       Dungeon |   4089 |   3955 |    134 |   1220 |   2350 |   4 | 1022.2 |
               +--------+--------+--------+--------+--------+-----+--------+

Top non-repeatable levels by time:
     D:2: 2232 daAuts
     D:3: 1084 daAuts
     D:1: 765 daAuts
     D:4: 6 daAuts
